 Dungeon Crawl Stone Soup version 0.26.1 (webtiles) character file.

Game seed: 17331999200122368743

81 Jynx the Cudgeller (level 4, -8/39 HPs)
             Began as a Minotaur Fighter on Feb 7, 2021.
             Mangled by Sigmund
             ... wielding a +2 scythe of venom
              (9 damage)
             ... on level 2 of the Dungeon.
             The game lasted 00:02:10 (1809 turns).

Jynx the Cudgeller (Minotaur Fighter)               Turns: 1809, Time: 00:02:11

Health: -8/39      AC:  6    Str: 21    XL:     4   Next: 19%
Magic:  3/3        EV:  9    Int:  5    God:
Gold:   72         SH:  0    Dex: 10    Spells: 3/3 levels left

rFire    . . .     SeeInvis .   a - +0 flail
rCold    . . .     Faith    .   (no shield)
rNeg     . . .     Spirit   .   b - +0 scale mail
rPois    .         Reflect  .   (helmet restricted)
rElec    .         Harm     .   (no cloak)
rCorr    .         Rampage  .   (no gloves)
Will     .....                  (no boots)
Stlth    ..........             (no amulet)
HPRegen  0.13/turn              (no ring)
MPRegen  0.08/turn              (no ring)

@: mighty
A: retaliatory headbutt, horns 2
a: no special abilities


You were on level 2 of the Dungeon.
You visited 1 branch of the dungeon, and saw 2 of its levels.

You collected 72 gold pieces.

Inventory:

Hand Weapons
 a - a +0 flail (weapon)
Armour
 b - a +0 scale mail (worn)
Scrolls
 c - a scroll of magic mapping
 e - a scroll of amnesia {unknown}
 f - a scroll of immolation
 g - a scroll of enchant armour {unknown}
Potions
 d - 2 potions of might


   Skills:
 - Level 3.6 Fighting
 * Level 5.5 Maces & Flails
 - Level 3.6 Armour
 - Level 3.6 Shields


You had 3 spell levels left.
You didn't know any spells.
Your spell library was empty.

Dungeon Overview and Level Annotations

Branches:
Dungeon (2/15)

Altars:

Annotations:
D:2 Sigmund


Innate Abilities, Weirdness & Mutations

You reflexively headbutt those who attack you in melee.
You have a pair of horns on your head.


Message History

The gnoll shouts!
A gnoll comes into view. It is wielding a +0 spear.
Sigmund appears from thin air!
Reactivating autopickup.
Sigmund casts a spell at you. The magic dart hits you!
* * * LOW HITPOINT WARNING * * *
You feel very mighty all of a sudden.
The gnoll shouts!
You hear a shout!
A gnoll comes into view. It is wielding a +0 spear.
Sigmund points at you and mumbles some strange words.
The magic dart hits you.
* * * LOW HITPOINT WARNING * * *
You feel less confused.
A gnoll comes into view. It is wielding a +0 halberd.
The gnoll hits you.
* * * LOW HITPOINT WARNING * * *
The gnoll throws a stone.
The stone hits you but does no damage.
Sigmund hits you from afar with a +2 scythe of venom!
You die...

........# ........#
........# ####........#
.. #..+.........
#g####+#####.# ........#
#.g..........#########.#
#.....g..†.........†....
#...g..@...........#####
#.#................# #
..... #....@...........#
# .....
##+#'#####.......# #
..... #.#.# #.........#
# ..... #..†#
#.#.......# # ..!..##
##..# #.#.#######
......# ######..###.#.#
......###{..........#.#


You could see Sigmund and 4 gnolls.

Vanquished Creatures
  2 adders (D:2)
  An ooze (D:1)
  3 worms (D:2)
  2 dart slugs (D:1)
  5 bats
  2 giant cockroaches (D:1)
  5 goblins (D:1)
  3 hobgoblins (D:1)
  4 jackals (D:1)
  9 kobolds
  A quokka (D:2)
  A frilled lizard (D:2)
  6 rats
44 creatures vanquished.

Notes
Turn   | Place    | Note
-------+----------+-------------------------------------------
     0 | D:1      | Jynx the Minotaur Fighter began the quest for the Orb.
     0 | D:1      | Reached XP level 1. HP: 19/19 MP: 0/0
    93 | D:1      | Reached skill level 3 in Maces & Flails
   253 | D:1      | Reached XP level 2. HP: 25/26 MP: 1/1
   513 | D:1      | Reached skill level 4 in Maces & Flails
   520 | D:1      | Reached XP level 3. HP: 23/31 MP: 2/2
  1155 | D:2      | Noticed Sigmund
  1525 | D:2      | Reached skill level 5 in Maces & Flails
  1628 | D:2      | Reached XP level 4. HP: 39/39 MP: 3/3
  1809 | D:2      | HP: 1/39 [gnoll (1)]
  1809 | D:2      | Mangled by Sigmund

Illustrated notes

Levels and vault maps discovered:
D:1:      minmay_arrival_widening_spiral_wide, layout_basic,
          minmay_tree_intersection, minmay_surrounded
D:2:      lemuel_upstairs_altar, layout_basic, guppyfry_early_orc_mine,
          uniq_jessica, uniq_sigmund

Skill      XL: |  1  2  3 |
---------------+----------+-----
Maces & Flails | 3 4 5 |  5.5
Fighting       | |  3.6
Armour         | |  3.6
Shields        | |  3.6

Action                   |  1- 3 |  4- 6 || total
-------------------------+-------+-------++-------
Melee: Flail             |    92 |     7 ||    99
       Headbutt          |    14 |     1 ||    15
  Use: Scroll            |       |     2 ||     2
       Potion            |       |     1 ||     1
Armor: Scale mail        |    65 |     2 ||    67
Dodge: Dodged            |    64 |     6 ||    70
